 Dungeon Crawl Stone Soup version 0.21-a0-185-g3a6ed1e (console) character file.

6296 Duffy the Cleaver (level 10, -12/85 HPs)
             Began as a Naga Gladiator on Aug 12, 2017.
             Was the Champion of Ru.
             Mangled by a cyan ugly thing (17 damage)
             ... on level 10 of the Dungeon.
             The game lasted 00:15:28 (11214 turns).

Duffy the Cleaver (Naga Gladiator)                 Turns: 11214, Time: 00:15:29

Health: -12/85     AC: 15    Str: 19    XL:     10   Next: 94%
Magic:  10/10      EV:  1    Int: 10    God:    Ru [******]
Gold:   540        SH: 14    Dex: 14    Spells: 9/9 levels left

rFire    . . .     SeeInvis +   y - +3 hand axe (elec)
rCold    x . .     Gourm    .   l - +0 large shield
rNeg     . . .     Faith    .   x - +2 ring mail {rF+}
rPois    +         Spirit   .   c - +2 helmet
rElec    .         Reflect  .   r - +2 cloak
rCorr    +         Harm     .   (no gloves)
MR       .....                  (no barding)
Stlth    +.........             (no amulet)
HPRegen  0.24/turn              m - ring of resist corrosion
MPRegen  0.12/turn              (no ring)

@: short of breath, vulnerable, very slow
A: see invisible, agile 1, deformed body, poison resistance, slowness 2, slow
metabolism 1, spit poison 2, no potion heal 1, reduced EV 1, unskilled 1,
missing an eye, temperature sensitive, AC +3
a: Breathe Poison Gas, Draw Out Power, Power Leap, Apocalypse, Renounce Religion


You were on level 10 of the Dungeon.
You worshipped Ru.
Ru was exalted by your worship.
You were hungry.

You visited 2 branches of the dungeon, and saw 11 of its levels.
You also visited: Sewer.

You collected 540 gold pieces.

Inventory:

Hand Weapons
 a - a +0 war axe
 y - a +3 hand axe of electrocution (weapon)
Armour
 c - a +2 helmet (worn)
 l - a +0 large shield (worn)
 r - a +2 cloak (worn)
 v - the +1 helmet of Pride {rF- rC++ Dex+4}
   (You found it on level 10 of the Dungeon)

   It affects your dexterity (+4).
   It makes you vulnerable to fire.
   It greatly protects you from cold.
 w - a +0 plate armour
 x - a +2 ring mail of fire resistance (worn)
Jewellery
 m - a ring of resist corrosion (left hand)
Wands
 k - a wand of acid (15/15)
 q - a wand of paralysis (8/24)
 t - a wand of iceblast (6/15)
 z - a wand of paralysis (14/24)
Scrolls
 i - 7 scrolls of remove curse
 o - 6 scrolls of teleportation
 s - 4 scrolls of fear
 u - a scroll of immolation
Potions
 b - 3 potions of magic
 d - a potion of heal wounds
 e - a potion of berserk rage
 g - 2 potions of curing
 j - a potion of lignification
 n - a potion of haste
Comestibles
 f - 6 bread rations
 h - 6 fruits
 p - 6 meat rations


   Skills:
 - Level 4.1 Fighting
 + Level 11.0 Axes
 - Level 1.5 Throwing
 + Level 5.5 Armour
 - Level 2.1 Dodging
 + Level 5.3 Shields


You had 9 spell levels left.
You didn't know any spells.

Dungeon Overview and Level Annotations

Branches:
Dungeon (10/15)            Temple (0/1) D:4            Lair (1/6) D:9
    Orc (0/2) D:9

Altars:
Ashenzari
Cheibriados
Kikubaaqudgha
Makhleb
Nemelex Xobeh
Ru
Sif Muna
Uskayaw
Vehumet
Wu Jian
Xom
Zin
The Shining One

Shops:
D:10 [


Innate Abilities, Weirdness & Mutations

You cannot wear boots.
Your serpentine skin is tough. (AC +3)
You have supernaturally acute eyesight. (SInv)
Armour fits poorly on your strangely shaped body.
Your system is resistant to poisons. (rPois)
You cover ground very slowly.
You have a slow metabolism.
You can exhale a cloud of poison.
You have somewhat slow reflexes. (EV -5)
You are somewhat unskilled. (-1 Apt)
You are missing an eye, making it more difficult to aim.
You are sensitive to extremes of temperature. (rF-, rC-)
You are agile. (Dex +2)
Potions are less effective at restoring your health.


Message History

You are too injured to fight recklessly!
You hit the cyan ugly thing.
The cyan ugly thing is moderately wounded.
The cyan ugly thing is engulfed in poison gas.
The cyan ugly thing looks as sick as possible!
The cyan ugly thing claws you but does no damage.
The two-headed ogre is engulfed in poison gas.
The two-headed ogre looks as sick as possible!
The cyan ugly thing is engulfed in poison gas.
The cyan ugly thing looks as sick as possible!
The cyan ugly thing claws you. The cyan ugly thing shocks you!
You hit the cyan ugly thing.
The cyan ugly thing is heavily wounded.
The cyan ugly thing is engulfed in poison gas.
The cyan ugly thing looks as sick as possible!
The cyan ugly thing claws you! The cyan ugly thing shocks you!
Your system partially rejects the healing.
You feel much better. The cyan ugly thing claws you!
The cyan ugly thing shocks you!
You die...

#......#.#
#......#.#
#.#.##.#.#
#......#.#
###.#..#
#.#..########
#.#..........
##.#######...
#.@uO.?...#
####........
#.######. ..#
..# ...# +#.#
#.#


You could see a cyan ugly thing (blind) and a two-headed ogre.

Vanquished Creatures
  A two-headed ogre (D:9)
  An unseen horror (D:10)
  2 hippogriffs
  Sigmund (D:2)
  A yak (D:9)
  Grum (D:9)
  A water moccasin (Lair:1)
  A hornet zombie (D:6)
  2 orc warriors (D:9)
  3 ice beasts
  Purgy (Sewer)
  A sky beast (D:9)
  3 wolves (D:9)
  A black bear (D:9)
  2 ogres
  3 phantoms
  5 centaurs
  2 crocodiles (D:9)
  5 bullfrogs
  A water moccasin zombie (D:4)
  4 scorpions
  A wyvern skeleton (D:8)
  9 howler monkeys
  3 bullfrog zombies
  8 crimson imps
  A centaur zombie (D:7)
  2 hounds
  8 orc priests
  Ijyb (D:4)
  An iguana (D:6)
  7 worker ants
  A hound skeleton (D:6)
  2 worker ant zombies
  7 gnolls
  A howler monkey skeleton (D:5)
  13 adders
  A shadow imp (D:7)
  An ooze (D:2)
  An adder zombie (D:9)
  2 adder skeletons
  3 worms
  2 dart slugs
  10 leopard geckos
  26 orcs
  9 giant cockroaches
  14 goblins
  3 hobgoblins
  4 jackals
  2 quokkas
  3 ball pythons
  3 bats (D:1)
  6 frilled lizards
  10 kobolds
  8 rats
  2 fungi (D:9)
217 creatures vanquished.

Vanquished Creatures (others)
  A sky beast (D:7)
  A scorpion (D:9)
  A jelly (D:8)
  A gnoll (D:8)
  A giant cockroach (D:4)
5 creatures vanquished.

Grand Total: 222 creatures vanquished

Notes
Turn   | Place    | Note
-------+----------+-------------------------------------------
     0 | D:1      | Duffy the Naga Gladiator began the quest for the Orb.
     0 | D:1      | Reached XP level 1. HP: 19/19 MP: 1/1
   142 | D:1      | Reached XP level 2. HP: 18/26 MP: 2/2
   778 | D:1      | Reached skill level 4 in Axes
   888 | D:1      | Reached XP level 3. HP: 32/32 MP: 3/3
  1845 | D:2      | Reached XP level 4. HP: 28/39 MP: 4/4
  2081 | D:2      | Reached skill level 5 in Axes
  2111 | D:2      | Noticed Sigmund
  2131 | D:2      | Killed Sigmund
  2131 | D:2      | Reached skill level 6 in Axes
  2131 | D:2      | Reached XP level 5. HP: 19/45 MP: 5/5
  2131 | D:2      | Reached XP level 6. HP: 22/52 MP: 6/6
  2604 | D:3      | Found a deep blue altar of Sif Muna.
  2604 | D:3      | Found a glowing golden altar of the Shining One.
  2609 | D:3      | Found a faded altar of an unknown god.
  2626 | D:3      | Found a sacrificial altar of Ru.
  2629 | D:3      | Found an ornate altar of the Wu Jian Council.
  2695 | D:3      | Became a worshipper of Ru the Awakened
  2922 | D:4      | Found a staircase to the Ecumenical Temple.
  2936 | D:4      | Reached skill level 7 in Axes
  2978 | D:4      | Noticed a phantom
  3006 | D:4      | Killed a phantom
  3015 | D:4      | Reached XP level 7. HP: 30/60 MP: 7/7
  3254 | D:4      | Reached skill level 8 in Axes
  3474 | D:4      | Noticed Ijyb
  3488 | D:4      | Killed Ijyb
  3976 | D:4      | Reached skill level 9 in Axes
  4354 | D:4      | Gained mutation: You are somewhat unskilled. (-1 Apt) [Ru sacrifice]
  4354 | D:4      | Reduced skill Axes to level 8
  4354 | D:4      | Reached * piety under Ru
  4354 | D:4      | Reached ** piety under Ru
  4462 | D:5      | Entered Level 5 of the Dungeon
  4539 | D:5      | Reached XP level 8. HP: 28/68 MP: 8/8
  5997 | D:6      | Found a glowing drain.
  6007 | Sewer    | Entered a sewer
  6194 | Sewer    | Noticed Purgy
  6200 | Sewer    | Killed Purgy
  6562 | D:6      | Reached skill level 9 in Axes
  6761 | D:6      | Gained mutation: You have somewhat slow reflexes. (EV -5) [Ru sacrifice]
  6761 | D:6      | Reached *** piety under Ru
  6859 | D:6      | Reached skill level 1 in Armour
  6966 | D:6      | Reached skill level 1 in Shields
  7340 | D:7      | Noticed a hippogriff
  7347 | D:7      | Killed a hippogriff
  7347 | D:7      | Reached XP level 9. HP: 49/78 MP: 9/9
  8367 | D:8      | Found a glowing golden altar of the Shining One.
  8556 | D:8      | Reached skill level 10 in Axes
  8625 | D:8      | Found a sparkling altar of Nemelex Xobeh.
  8850 | D:8      | Gained mutation: You are missing an eye, making it more difficult to aim. [Ru sacrifice]
  8850 | D:8      | Reached **** piety under Ru
  8865 | D:9      | Found a staircase to the Orcish Mines.
  9036 | D:9      | Reached XP level 10. HP: 76/85 MP: 10/10
  9231 | D:9      | Gained mutation: You can exhale a cloud of poison. [mutagenic meat]
  9232 | D:9      | Gained mutation: Potions are less effective at restoring your health. [mutagenic meat]
  9233 | D:9      | Gained mutation: You are agile. (Dex +2) [mutagenic meat]
  9307 | D:9      | Noticed Grum
  9331 | D:9      | Killed Grum
  9686 | D:9      | Found a burning altar of Makhleb.
  9818 | D:9      | Found a staircase to the Lair.
  9926 | D:9      | Noticed a two-headed ogre
  9932 | D:9      | Killed a two-headed ogre
  9932 | D:9      | Reached skill level 5 in Armour
 10265 | D:9      | Found a radiant altar of Vehumet.
 10265 | D:9      | Found an ancient bone altar of Kikubaaqudgha.
 10265 | D:9      | Found a hide-covered altar of Uskayaw.
 10265 | D:9      | Found a shattered altar of Ashenzari.
 10347 | D:9      | Found a shimmering altar of Xom.
 10347 | D:9      | Found a snail-covered altar of Cheibriados.
 10411 | D:9      | Found a glowing silver altar of Zin.
 10651 | Lair:1   | Entered Level 1 of the Lair of Beasts
 10702 | D:9      | Reached skill level 5 in Shields
 10783 | D:10     | Entered Level 10 of the Dungeon
 10786 | D:10     | Found Iteynlie's Antique Armour Shoppe.
 10836 | D:10     | Got an ichor-stained helmet
 10847 | D:10     | Identified the +1 helmet of Pride {rF- rC++ Dex+4} (You found it on level 10 of the Dungeon)
 11021 | D:10     | Noticed an unseen horror
 11030 | D:10     | Killed an unseen horror
 11030 | D:10     | Reached skill level 11 in Axes
 11204 | D:10     | Noticed a cyan ugly thing
 11205 | D:10     | Noticed a two-headed ogre
 11210 | D:10     | Gained mutation: You are sensitive to extremes of temperature. (rF-, rC-) [Ru sacrifice]
 11210 | D:10     | Reached ***** piety under Ru
 11210 | D:10     | Reached ****** piety under Ru
 11213 | D:10     | HP: 3/85 [cyan ugly thing (12)]
 11214 | D:10     | Mangled by a cyan ugly thing

Vault maps used:
D:1:      lemuel_arrival_cross, minmay_close_crescents
D:2:      first_bread, uniq_sigmund
D:3:      minmay_goblin_kobold_castle, grunt_temple_overflow_gold_and_silver,
          chequers_temple_overflow_minitemple, minmay_misc_feat_hallway,
          nemelex_diamond_rough_becter
D:4:      minmay_temple_entry_mist, minmay_goblin_outpost, uniq_ijyb
D:6:      gup_sewer_entry_bubbles
D:8:      nemelex_xobeh_ov_fountains_minmay, basic_altar
D:9:      minmay_overflow_temple_hex, grunt_lair_entry_orc_guard_hut,
          basic_altar, david_defended_altar_orc, uniq_grum
D:10:     serial_shops, nicolae_shop_stone, hangedman_stone_soup
Sewer:    sewer_the_crocodile

Skill      XL: |  1  2  3  4  5  6  7  8  9 10 |
---------------+-------------------------------+-----
Axes           | 4 6 7 8 9 10 11 | 11.0
Fighting       | 4 |  4.1
Armour         | 2 4 5 |  5.5
Shields        | 1 3 5 |  5.3
Throwing       | |  1.5
Dodging        | |  2.1

Action                   |  1- 3 |  4- 6 |  7- 9 | 10-12 || total
-------------------------+-------+-------+-------+-------++-------
Melee: War axe           |   118 |   126 |   573 |   218 ||  1035
       Hand axe          |       |       |       |    73 ||    73
Throw: Throwing net      |       |     2 |     1 |       ||     3
Invok: Sacrifice Skill   |       |       |     1 |       ||     1
       Sacrifice Health  |       |       |     1 |       ||     1
       Sacrifice an Eye  |       |       |     1 |       ||     1
       Sacrifice Resista |       |       |       |     1 ||     1
 Abil: Spit Poison       |       |     2 |     4 |       ||     6
       Breathe Poison Ga |       |       |       |     7 ||     7
  Use: Scroll            |     7 |     4 |    16 |     5 ||    32
       Potion            |       |       |     2 |     1 ||     3
 Stab: Held in net/web   |       |     1 |     1 |       ||     2
       Distracted        |       |       |     1 |       ||     1
       Invisible         |       |       |       |     3 ||     3
  Eat: Chunk             |     2 |     3 |    12 |     8 ||    25
       Meat ration       |       |       |     1 |       ||     1
       Royal jelly       |       |       |       |     1 ||     1
Armor: Ring mail         |    65 |       |       |    30 ||    95
       Scale mail        |     5 |    69 |   126 |       ||   200
       Chain mail        |       |       |   119 |       ||   119
       Plate armour      |       |       |    74 |    73 ||   147
Dodge: Dodged            |    71 |    53 |   134 |     7 ||   265
Block: Large shield      |       |       |   192 |   170 ||   362
